 Dungeon Crawl Stone Soup version 0.25.1-8-g42b30a86e7 (webtiles) character file.

Game seed: 13449921784905284617

23 puppyhush the Stinger (level 2, 0/19 HPs)
             Began as a Demonspawn Venom Mage on Dec 13, 2020.
             Slain by a jackal (2 damage)
             ... on level 2 of the Dungeon.
             The game lasted 00:07:29 (1425 turns).

puppyhush the Stinger (Demonspawn Venom Mage)       Turns: 1425, Time: 00:07:30

Health: 0/19       AC:  2    Str:  8    XL:     2   Next: 75%
Magic:  4/5        EV: 12    Int: 16    God:
Gold:   39         SH:  0    Dex: 13    Spells: 4/5 levels left

rFire    . . .     SeeInvis .   f - +0 club
rCold    . . .     Gourm    .   (no shield)
rNeg     . . .     Faith    .   a - +0 robe
rPois    .         Spirit   .   (no helmet)
rElec    .         Reflect  .   (no cloak)
rCorr    .         Harm     .   (no gloves)
MR       .....                  (no boots)
Stlth    +++.......             (no amulet)
HPRegen  0.06/turn              (no ring)
MPRegen  0.09/turn              (no ring)

@: no status effects
A: nightstalker 1
a: no special abilities


You were on level 2 of the Dungeon.
You were not hungry.

You visited 1 branch of the dungeon, and saw 2 of its levels.

You collected 39 gold pieces.

Inventory:

Hand Weapons
 f - a +0 club (weapon)
 l - a +0 dagger
Missiles
 e - 16 arrows
 i - 15 sling bullets
 k - 14 stones (quivered)
Armour
 a - a +0 robe (worn)
Jewellery
 m - a cursed ring of teleportation
Scrolls
 b - 2 scrolls of fog
 g - a scroll of identify
Potions
 d - a potion of invisibility {unknown}
 h - a potion of curing {unknown}
 n - a potion of degeneration {unknown}
 p - a potion of lignification {unknown}
Comestibles
 c - 2 rations
 o - 4 chunks of flesh


   Skills:
 + Level 2.1 Dodging
 + Level 2.1 Stealth
 + Level 2.2 Spellcasting
 + Level 1.3 Transmutations
 + Level 3.2 Poison Magic


You had 4 spell levels left.
You knew the following spells:

 Your Spells              Type           Power        Failure   Level  Hunger
a - Sting                 Tmut/Pois      #...         9%          1    #......

Your spell library contained the following spells:

 Spells                   Type           Power        Failure   Level  Hunger
 Poisonous Vapours        Pois/Air       #.....       16%         2    ###....
 Ignite Poison            Fire/Tmut/Pois #.......     32%         3    ###....
 Mephitic Cloud           Conj/Pois/Air  #.......     36%         3    ###....
 Olgreb's Toxic Radiance  Pois           ##......     47%         4    #####..


Dungeon Overview and Level Annotations

Branches:
Dungeon (2/15)

Altars:


Innate Abilities, Weirdness & Mutations

You are slightly more attuned to the shadows.


Message History

* * * LOW HITPOINT WARNING * * *
Casting: Sting (safe; 9% risk of failure)
Confirm with . or Enter, or press ? or * to list all spells.
Aiming: Sting (safe; 9% risk of failure)
Press: ? - help, Shift-Dir - straight line, f - jackal
Aim: a jackal The sting hits the jackal.
The jackal is poisoned.
The jackal is moderately wounded.
The jackal bites you but does no damage.
You hit the jackal but do no damage.
The jackal is moderately wounded.
The jackal misses you. The jackal closely misses you.
You barely miss the jackal.
The jackal is heavily wounded.
The jackal barely misses you. x2
You barely miss the jackal.
The jackal is severely wounded.
You kill the jackal!
The jackal bites you.
You die...

.# #.# .####.#
......###
........##
...#.#...#########
##.#.........>...#
#.#.#...#######.#
#.#.##.## #.#
##.#.#### #@#
...#.## ####h#
####..# #....#
##.# #.#### #.#
#.# #.# #.# ####.#
#.# ##.##.# #.#
#...#.# #.#


You could see a jackal.

Vanquished Creatures
  A leopard gecko (D:1)
  2 giant cockroaches (D:1)
  A goblin (D:1)
  4 hobgoblins
  3 jackals (D:2)
  A bat (D:1)
  4 frilled lizards (D:2)
  A kobold (D:1)
  5 rats (D:1)
22 creatures vanquished.

Notes
Turn   | Place    | Note
-------+----------+-------------------------------------------
     0 | D:1      | puppyhush the Demonspawn Venom Mage began the quest for the
                  | Orb.
     0 | D:1      | Reached XP level 1. HP: 13/13 MP: 3/3
    69 | D:1      | Reached skill level 1 in Transmutations
   150 | D:1      | Gained mutation: You are slightly more attuned to the
                  | shadows. [demonic ancestry]
   150 | D:1      | Reached XP level 2. HP: 13/19 MP: 1/5
  1425 | D:2      | Slain by a jackal

Illustrated notes

Levels and vault maps discovered:
D:1:      minmay_arrival_solitary_statue, layout_basic
D:2:      layout_loops_ring, serial_glass, glass_columns_a, glass_columns_c,
          first_ration

Skill      XL: |  1  2 |
---------------+-------+-----
Transmutations | 1 |  1.3
Stealth        | 2 |  2.1
Dodging        | 2 |  2.1
Spellcasting   | |  2.2
Poison Magic   | |  3.2

Action                   || total
-------------------------++-------
Melee: Club              ||    51
       Unarmed           ||     3
 Cast: Sting             ||    20
  Use: Scroll            ||     4
  Eat: Chunk             ||     2
Armor: Robe              ||     8
Dodge: Dodged            ||    55
